Map: [ESL] Waterfall

Players

Astrea - Winner!

  • Race: Protoss Protoss
  • League: Grandmaster
  • Spawn Location: 1:00

Solar

  • Race: Zerg Zerg
  • League: Master
  • Spawn Location: 7:00

Event: TSL 9

VOD

Have the link to the VOD?

Description

Time

  • Played on: Aug. 15, 2022, 8:16 a.m.
  • Length: 17:51

All games in this series

Show
View Real Time Build Order
Export as new Build Order

Astrea Protoss - Winner!

Build Orders: 1 Gate Expand, Oracle Opening 

Get SALT Encoding   

  12  0:00  Probe  
  13  0:12  Probe  
  14  0:18  Pylon  
  14  0:24  Probe (Chrono Boost)  
  15  0:37  Probe (Chrono Boost)  
  15  0:41  Gateway  
  16  0:45  Probe (Chrono Boost)  
  16  0:49  Assimilator  
  17  0:53  Probe  
  18  1:05  Probe  
  19  1:17  Probe  
  20  1:27  Nexus  
  20  1:30  Probe  
  21  1:40  Cybernetics Core  
  21  1:47  Probe, Assimilator  
  22  1:55  Pylon  
  22  2:00  Probe  
  23  2:10  Probe  
  23  2:13  Adept (Chrono Boost)  
  24  2:18  Probe  
  27  2:24  Stargate  
  27  2:28  Probe  
  27  2:32  Warp Gate  
  30  2:39  Probe (Chrono Boost)  
  30  2:43  Stalker  
  30  2:44  Probe (Chrono Boost)  
  32  2:51  Probe (Chrono Boost)  
  33  2:55  Probe x2 (Chrono Boost)  
  35  3:04  Probe  
  36  3:05  Probe  
  36  3:06  Oracle (Chrono Boost)  
  40  3:16  Probe  
  40  3:17  Probe, Pylon  
  42  3:23  Gateway  
  42  3:28  Probe  
  42  3:30  Probe  
  44  3:37  Oracle  
  44  3:40  Probe  
  48  3:42  Probe  
  48  3:52  Probe  
  48  3:54  Probe  
  50  3:56  Nexus  
  50  3:58  Pylon  
  50  4:02  Twilight Council  
  50  4:04  Assimilator  
  50  4:05  Probe  
  50  4:08  Probe  
  52  4:15  Gateway  
  52  4:17  Gateway, Probe (Chrono Boost)  
  52  4:22  Gateway  
  52  4:23  Probe (Chrono Boost)  
  54  4:33  Pylon  
  54  4:35  Probe x2 (Chrono Boost)  
  54  4:36  Blink (Chrono Boost)  
  55  4:41  Probe (Chrono Boost)  
  55  4:42  Adept, Probe (Chrono Boost)  
  59  4:46  Adept  
  59  4:49  Pylon  
  62  4:52  Probe  
  62  5:01  Probe  
  62  5:04  Probe  
  62  5:05  Stalker  
  66  5:07  Stalker  
  66  5:09  Probe  
  66  5:10  Stalker  
  66  5:11  Stalker  
  66  5:13  Probe  
  74  5:17  Forge  
  74  5:19  Stalker  
  74  5:21  Probe  
  77  5:22  Probe  
  77  5:27  Probe  
  79  5:33  Probe, Stalker x2  
  79  5:35  Probe  
  85  5:39  Probe  
  85  5:40  Shield Battery  
  85  5:42  Protoss Ground Weapons Level 1 (Chrono Boost), Assimilator  
  86  5:47  Pylon  
  86  5:48  Probe x2  
  86  5:49  Stalker x2  
  92  5:54  Probe  
  93  6:05  Charge (Chrono Boost), Probe  
  93  6:06  Pylon  
  93  6:08  Nexus  
  93  6:10  Probe  
  95  6:14  Pylon  
  95  6:20  Probe  
  95  6:25  Stalker x3  
  102  6:29  Probe  
  102  6:30  Probe  
  102  6:31  Stalker  
  106  6:34  Probe  
  106  6:38  Stalker  
  109  6:41  Probe, Pylon  
  108  6:49  Probe  
  108  6:51  Probe, Stalker x3  
  116  6:55  Photon Cannon, Probe  
  116  6:56  Shield Battery  
  116  6:58  Pylon  
  116  6:59  Forge  
  120  7:01  Oracle (Chrono Boost)  
  120  7:03  Probe  
  121  7:10  Probe  
  121  7:11  Stalker  
  121  7:15  Pylon  
  124  7:16  Pylon  
  124  7:25  Probe x4  
  124  7:26  Stalker x4  
  136  7:37  Probe x2  
  136  7:38  Probe  
  136  7:40  Photon Cannon  
  139  7:50  Gateway  
  139  7:51  Gateway x2  
  139  7:53  Zealot x5  
  139  7:55  Protoss Ground Weapons Level 2 (Chrono Boost)  
  139  7:56  Gateway x2  
  139  7:57  Oracle (Chrono Boost)  
  149  8:05  Protoss Ground Armor Level 1 (Chrono Boost)  
  152  8:10  Photon Cannon  
  152  8:15  Pylon  
  152  8:16  Zealot x5, Pylon  
  152  8:19  Pylon  
  162  8:33  Oracle (Chrono Boost)  
  165  8:41  Zealot  
  165  8:42  Zealot x4  
  165  8:44  Gateway  
  165  8:45  Nexus, Gateway  
  165  8:47  Nexus  
  157  8:50  Shield Battery, Photon Cannon  
  157  8:53  Zealot x5  
  161  9:03  Oracle (Chrono Boost)  
  164  9:10  Zealot x5  
  164  9:16  Pylon  
  174  9:17  Zealot  
  174  9:18  Zealot x4  
  174  9:19  Photon Cannon  
  184  9:31  Stalker x2  
  188  9:33  Pylon  
  188  9:38  Oracle  
  171  9:44  Stalker x10  
  181  9:48  Protoss Ground Armor Level 2 (Chrono Boost)  
  165  10:03  Zealot x2  
  165  10:04  Probe x4  
  165  10:05  Probe  
  174  10:10  Photon Cannon  
  174  10:13  Zealot x7  
  174  10:14  Zealot  
  190  10:15  Oracle (Chrono Boost)  
  190  10:18  Protoss Ground Weapons Level 3 (Chrono Boost)  
  193  10:27  Zealot x3  
  195  10:35  Zealot x2  
  197  10:43  Nexus, Templar Archives  
  197  10:48  Gateway  
  197  10:51  Gateway  
  197  10:54  Nexus  
  175  11:01  Oracle  
  175  11:02  Zealot x12  
  200  11:08  Robotics Facility, Assimilator  
  200  11:09  Assimilator  
  197  11:27  Zealot  
  197  11:33  Nexus  
  193  11:49  Oracle  
  194  11:57  Zealot x4  
  190  12:12  Pylon  
  188  12:24  High Templar x4  
  188  12:25  Zealot x2  
  188  12:27  Protoss Ground Armor Level 3 (Chrono Boost)  
  188  12:29  Archon x2  
  200  12:34  Photon Cannon  
  200  12:35  Photon Cannon  
  200  12:36  Psionic Storm  
  200  12:37  Photon Cannon  
  200  12:39  Shield Battery  
  200  12:42  Pylon  
  200  12:44  Assimilator  
  200  12:49  Assimilator  
  162  13:01  Zealot x7  
  162  13:02  Zealot x7  
  162  13:03  Probe  
  162  13:05  Oracle  
  180  13:15  Protoss Shields Level 1 (Chrono Boost)  
  180  13:16  Photon Cannon  
  180  13:17  Photon Cannon  
  180  13:21  Gateway  
  180  13:23  Zealot x10  
  180  13:24  Gateway  
  200  13:28  Gateway  
  200  13:31  Gateway  
  200  13:36  Pylon  
  185  14:03  Zealot x7  
  189  14:12  Zealot x5  
  199  14:23  Nexus  
  193  14:25  Observer  
  193  14:27  Zealot x6  
  183  14:43  Pylon  
  173  14:45  Zealot  
  173  14:46  Zealot x10  
  191  15:01  Immortal (Chrono Boost)  
  191  15:07  Photon Cannon  
  191  15:08  Photon Cannon  
  191  15:10  Shield Battery  
  183  15:14  Pylon  
  141  15:21  High Templar x6  
  141  15:22  Zealot x12  
  141  15:26  Archon x3  
  162  15:35  Observer (Chrono Boost)  
  163  15:43  Zealot x2  
  163  15:44  Zealot x10  
  187  15:57  Photon Cannon  
  187  15:59  Observer, Photon Cannon  
  187  16:00  Shield Battery  
  187  16:01  Zealot  
  187  16:02  Photon Cannon x2  
  190  16:04  Photon Cannon  
  190  16:05  Shield Battery  
  188  16:18  Nexus  
  188  16:21  Probe  
  188  16:23  Nexus  
  155  16:26  Immortal  
  155  16:31  High Templar  
  155  16:32  Zealot x2, High Templar x5  
  169  16:33  Zealot x10  
  169  16:35  Archon  
  169  16:36  Archon  
  169  16:37  Archon  
  169  16:38  Photon Cannon  
  192  16:44  Oracle  
  195  16:58  Nexus  
  195  17:02  Nexus  
  195  17:06  Pylon  
  195  17:08  High Templar x4  
  200  17:21  Zealot x2  
  188  17:31  Zealot x10  
  170  17:49  Photon Cannon  
  170  17:50  Photon Cannon  
Show
View Real Time Build Order
Export as new Build Order

Solar Zerg 

Build Orders: Hatch First, Lurkers 

Get SALT Encoding   

  12  0:00  Drone  
  13  0:12  Overlord  
  13  0:17  Drone  
  14  0:31  Drone x2  
  16  0:49  Hatchery  
  15  0:51  Drone  
  15  0:55  Drone  
  17  0:58  Drone  
  18  1:08  Extractor  
  17  1:15  Spawning Pool  
  17  1:17  Drone  
  17  1:20  Drone  
  18  1:28  Drone  
  19  1:38  Drone  
  20  1:49  Overlord  
  20  2:01  Queen  
  20  2:02  Zergling x2, Queen  
  20  2:03  Zergling x2  
  26  2:12  Drone x2  
  26  2:14  Metabolic Boost  
  28  2:24  Drone x2  
  30  2:37  Hatchery  
  30  2:40  Zergling x2  
  30  2:46  Queen  
  30  2:50  Overlord  
  32  2:53  Drone  
  32  2:55  Drone  
  34  2:58  Drone  
  34  3:01  Drone  
  36  3:13  Drone x5  
  36  3:18  Queen  
  43  3:21  Overlord  
  43  3:23  Drone  
  44  3:39  Queen  
  44  3:40  Overlord  
  46  3:46  Drone x5  
  49  3:50  Queen  
  49  3:51  Drone  
  49  3:54  Spore Crawler  
  51  3:57  Spore Crawler  
  50  4:02  Overlord  
  50  4:05  Drone x4  
  50  4:06  Drone  
  55  4:12  Zergling x4  
  57  4:18  Overlord x2  
  57  4:22  Drone x5  
  62  4:30  Drone x2, Overlord  
  64  4:34  Zergling x4  
  64  4:37  Drone  
  66  4:39  Drone  
  66  4:40  Drone x2  
  66  4:44  Drone  
  69  4:46  Drone x2  
  69  4:47  Roach Warren  
  69  4:51  Extractor x2  
  68  4:54  Lair  
  68  4:59  Zergling x4  
  68  5:00  Drone x5  
  68  5:04  Zergling x4  
  68  5:06  Overlord  
  75  5:08  Drone x2  
  75  5:10  Drone  
  78  5:18  Drone  
  78  5:20  Drone, Extractor  
  78  5:21  Extractor  
  78  5:24  Drone  
  78  5:25  Zergling x2  
  78  5:26  Zergling x6  
  83  5:31  Overlord  
  83  5:37  Overlord  
  83  5:39  Roach x5  
  83  5:41  Roach  
  83  5:42  Zergling x2, Roach  
  97  5:46  Zergling x2  
  97  5:47  Overlord  
  95  5:53  Zergling x2, Glial Reconstitution  
  95  5:56  Roach  
  98  6:02  Drone x5  
  102  6:09  Drone x2, Evolution Chamber  
  102  6:11  Hatchery  
  100  6:12  Drone x3  
  100  6:15  Evolution Chamber  
  100  6:17  Drone  
  101  6:20  Roach  
  101  6:23  Overlord  
  103  6:28  Overlord  
  103  6:29  Roach  
  103  6:30  Roach x2  
  103  6:31  Zergling x2, Roach x2  
  113  6:32  Overlord  
  113  6:33  Overlord  
  113  6:40  Zerg Melee Weapons Level 1  
  113  6:41  Overlord  
  113  6:42  Zergling x2  
  113  6:44  Drone  
  113  6:48  Drone  
  113  6:49  Drone  
  113  6:50  Zergling x4, Hatchery  
  113  6:52  Zergling x2  
  114  6:58  Zergling x4  
  114  7:00  Zergling x6  
  118  7:03  Overlord  
  118  7:04  Drone  
  118  7:05  Drone  
  118  7:06  Baneling Nest  
  117  7:09  Drone  
  117  7:11  Roach x2  
  122  7:18  Zergling x8  
  124  7:23  Drone  
  124  7:25  Evolution Chamber  
  124  7:26  Zergling x4  
  125  7:30  Drone x2  
  125  7:31  Drone x2  
  125  7:33  Zergling x2  
  125  7:34  Zergling x6  
  129  7:43  Roach x2  
  131  7:46  Roach x3  
  131  7:49  Zergling x2  
  138  7:52  Zerg Ground Armor Level 1, Drone  
  138  7:54  Centrifugal Hooks  
  138  7:56  Zergling x4  
  141  8:00  Overlord  
  141  8:02  Roach x5  
  151  8:07  Queen, Overlord  
  151  8:09  Overlord  
  151  8:12  Infestation Pit, Overlord, Extractor  
  149  8:16  Drone x2  
  149  8:17  Overlord  
  149  8:19  Drone x4  
  155  8:22  Zergling x2  
  155  8:26  Drone x2  
  158  8:29  Zergling x8  
  162  8:34  Zergling x2  
  162  8:36  Zerg Melee Weapons Level 2  
  162  8:38  Zergling x2  
  161  8:42  Zergling x8  
  161  8:44  Zergling x10  
  154  8:48  Hive  
  154  8:51  Hydralisk Den  
  154  8:54  Drone x3  
  156  8:56  Baneling x6  
  156  8:57  Zergling x2  
  156  8:59  Overlord  
  156  9:01  Zergling x4  
  158  9:07  Zergling x8, Hatchery  
  158  9:15  Zergling x8  
  162  9:18  Baneling x2  
  162  9:19  Baneling x5  
  162  9:20  Zergling x10  
  162  9:22  Zergling x2  
  166  9:26  Muscular Augments, Drone x2  
  166  9:28  Zergling x8, Lurker Den  
  166  9:29  Zergling x2  
  171  9:36  Hydralisk x3  
  164  9:41  Zergling x8  
  164  9:42  Baneling x2, Hatchery  
  166  9:49  Zergling x8  
  166  9:50  Queen  
  166  9:56  Hatchery  
  166  9:58  Hydralisk x6  
  173  10:01  Zergling x4, Extractor  
  173  10:04  Zergling x4  
  173  10:06  Zergling x4  
  178  10:09  Zerg Missile Weapons Level 1  
  178  10:11  Drone  
  179  10:18  Zergling x4  
  176  10:25  Zergling x2  
  176  10:26  Zergling x8  
  177  10:30  Seismic Spines  
  177  10:33  Lurker x3  
  177  10:34  Lurker x6  
  186  10:37  Hydralisk x2  
  186  10:39  Overlord  
  188  10:43  Drone x2  
  188  10:47  Drone x4  
  191  10:53  Hydralisk x2  
  190  11:01  Overseer  
  189  11:04  Grooved Spines  
  189  11:10  Hatchery  
  187  11:13  Zerg Ground Armor Level 2  
  187  11:14  Zergling x8  
  188  11:19  Zergling x6  
  188  11:20  Zergling x4  
  190  11:27  Hydralisk  
  190  11:28  Hydralisk x2  
  190  11:29  Zergling x4  
  193  11:34  Hatchery  
  183  11:40  Zergling x12  
  183  11:42  Baneling x5  
  189  11:52  Hydralisk x7  
  185  11:54  Hydralisk  
  185  11:56  Zergling x4  
  185  11:58  Hydralisk  
  185  11:59  Zergling x2  
  177  12:09  Zergling x4  
  177  12:13  Hydralisk  
  177  12:14  Adaptive Talons  
  175  12:19  Zergling x2  
  175  12:20  Zergling x10  
  177  12:29  Lurker x7  
  184  12:31  Hydralisk x2  
  184  12:32  Zergling x14  
  195  12:37  Hydralisk  
  195  12:46  Zergling x12  
  195  12:47  Zergling x2  
  195  12:48  Zergling x2  
  192  12:53  Hydralisk x4  
  192  12:57  Hydralisk x2  
  181  13:05  Hydralisk x2  
  170  13:14  Hydralisk x6  
  182  13:25  Spore Crawler, Hatchery  
  180  13:32  Drone  
  182  13:35  Zergling x2  
  182  13:36  Zergling x14  
  182  13:41  Hydralisk x2  
  185  13:43  Baneling x12  
  185  13:46  Hatchery  
  185  13:47  Zergling x8  
  192  13:54  Zergling x12  
  196  14:00  Hydralisk x3  
  194  14:06  Baneling x9  
  194  14:09  Zergling x4  
  194  14:13  Zergling x6  
  194  14:14  Zergling x2  
  197  14:18  Zergling x4  
  197  14:20  Zergling x4  
  198  14:24  Zergling x4  
  198  14:26  Zerg Missile Weapons Level 2  
  198  14:28  Zergling x2  
  198  14:29  Zergling x2  
  187  14:33  Zergling x6  
  187  14:36  Zergling x4  
  187  14:37  Zergling x2  
  189  14:39  Zergling x2  
  189  14:42  Zergling x6  
  192  14:46  Hydralisk  
  192  14:50  Zergling x6  
  195  14:55  Hydralisk  
  195  14:56  Hydralisk  
  184  15:01  Drone x2  
  184  15:02  Drone  
  187  15:07  Hydralisk x2  
  187  15:10  Lurker x2  
  172  15:25  Hatchery  
  172  15:28  Zergling x10  
  175  15:31  Zergling x2  
  175  15:34  Zergling x4  
  177  15:38  Zergling x2  
  177  15:40  Zergling x2  
  175  15:45  Zergling x2  
  175  15:46  Zergling x2  
  174  16:01  Hatchery  
  173  16:04  Lurker x4  
  173  16:07  Zergling x2  
  173  16:11  Lurker  
  179  16:16  Zergling x4  
  181  16:21  Hydralisk  
  181  16:24  Hydralisk  
  163  16:29  Zergling x4  
  162  16:38  Zergling x6  
  165  16:41  Zergling x4  
  165  16:45  Zergling x4  
  168  16:55  Hydralisk x2  
  168  17:00  Hydralisk  
  168  17:02  Lurker x2  
  168  17:03  Lurker  
  168  17:06  Hydralisk  
  173  17:11  Lurker x2  
  173  17:13  Zergling x4  
  172  17:17  Zergling x4  
  172  17:20  Zergling x4  
  158  17:25  Zergling x8  
  158  17:29  Zergling x2  
  164  17:30  Zergling x2  
  164  17:32  Zergling x4  
Tags
 
Add a new tag
Caveats
  • Supply blocks, unpowered buildings, or Contaminate may cause inaccurate times.
  • Supply counts are checked every 10 seconds.